 Dungeon Crawl Stone Soup version 0.30-a0-782-ge64f9170bb (webtiles) character file.

Game seed: 4247943575224217839

6137 sanka the Grappler (level 10, -5/96 HPs)
             Began as a Troll Fighter on Feb 18, 2023.
             Was a Priest of Okawaru.
             Shot with an arrow by a centaur (9 damage)
             ... on level 9 of the Dungeon.
             The game lasted 00:11:20 (7236 turns).

sanka the Grappler (Troll Fighter)                  Turns: 7236, Time: 00:11:21

Health: -5/96      AC:  8    Str: 26    XL:     10   Next: 59%
Magic:  12/12      EV:  9    Int:  4    God:    Okawaru [***...]
Gold:   723        SH:  8    Dex: 13    Spells: 9/9 levels left

rFire   + . .      SeeInvis .      - Unarmed
rCold   . . .      Faith    .    l - +0 kite shield
rNeg    . . .      Spirit   .    F - +0 steam dragon scales
rPois   .          Reflect  .    (helmet restricted)
rElec   .          Harm     .    g - +0 cloak
rCorr   .          Rampage  .    (gloves unavailable)
Will    .....                    (boots unavailable)
Stlth   +                        (no amulet)
HPRegen 1.16/turn                x - ring of flight
MPRegen 0.13/turn                d - ring of protection from fire

@: flying
A: large, unfitting armour, claws 3, regeneration 1, shaggy fur 1, tough skin 1
a: Renounce Religion, Heroism


You were on level 9 of the Dungeon.
You worshipped Okawaru.
Okawaru was most pleased with you.
You visited 2 branches of the dungeon, and saw 10 of its levels.

You collected 723 gold pieces.


Innate Abilities, Weirdness & Mutations

You are too large for most types of armour.
You have claws for hands.
Your natural rate of healing is unusually fast.
You are covered in fur. (AC +1)
You have tough skin. (AC +1)


   Skills:
 - Level 5.0 Fighting
 - Level 2.4 Dodging
 - Level 2.6 Shields
 + Level 14.3 Unarmed Combat
 + Level 4.4 Invocations


You had 9 spell levels left.
You didn't know any spells.
Your spell library contained the following spells:

 Spells                   Type           Power      Damage    Failure   Level
 Cigotuvi's Dreadful Rot  Necr/Pois/Air  0%         N/A       91%         2
 Poisonous Vapours        Pois/Air       0%         N/A       91%         2
 Ignite Poison            Fire/Tmut/Pois 0%         N/A       99%         3
 Mephitic Cloud           Conj/Pois/Air  0%         N/A       99%         3
 Passage of Golubria      Tloc           0%         N/A       100%        4
 Sticky Flame             Conj/Fire      0%         2d3       100%        4
 Yara's Violent Unravell  Hex/Tmut       0%         3d3       100%        5
 Ignition                 Fire           0%         3d3       100%        8
 Tukima's Dance           Hex            Unusable   N/A       N/A         3

Inventory:

Hand Weapons
 b - a +4 scimitar of flaming
 H - the +5 sling of Duty {drain, rElec rF+++} rF: It renders you almost immune to fire. rElec: It insulates you from electricity.
Missiles
 p - a curare-tipped dart {=f}
Armour
 g - a +0 cloak (worn)
 l - a +0 kite shield (worn)
 v - a +2 robe of willpower
 F - +0 steam dragon scales (worn)
Jewellery
 d - a ring of protection from fire (right claw)
 i - a ring of protection from fire
 x - a ring of flight (left claw)
 D - a ring of ice
Wands
 r - a wand of acid (9)
 C - a wand of paralysis (10)
Scrolls
 a - a scroll of immolation {unknown}
 h - 5 scrolls of teleportation {@r4}
 j - a scroll of poison {unknown}
 m - 3 scrolls of noise {!r}
 n - 2 scrolls of fear {unknown}
 t - 3 scrolls of blinking
 y - 2 scrolls of fog
 E - a scroll of acquirement {unknown}
 G - a scroll of silence {unknown}
Potions
 c - 2 potions of might
 e - 4 potions of degeneration {unknown}
 f - 2 potions of flight {unknown}
 k - 5 potions of curing {@q1}
 o - 2 potions of attraction {unknown}
 q - 5 potions of ambrosia {unknown}
 s - 3 potions of heal wounds {unknown}
 u - 3 potions of brilliance {unknown}
 w - a potion of experience {unknown}
 z - 2 potions of mutation {unknown}
 A - 3 potions of resistance

Dungeon Overview and Level Annotations

Branches:
Dungeon (9/15)             Temple (1/1) D:7
   Lair: D:8-11         Orc: D:9-12

Altars:
Ashenzari
Cheibriados
Dithmenos
Elyvilon
Fedhas
Gozag
Hepliaklqana
Kikubaaqudgha
Makhleb
Nemelex Xobeh
Okawaru
Qazlal
Ru
Sif Muna
Trog
Uskayaw
Vehumet
Wu Jian
Xom
Yredelemnul
Zin
The Shining One

Shops:
D:9

*?(:? ▒▒ ▒▒......▒ .▒ ▒▒
▒▒.....▒ .▒ ▒.. .▒▒▒▒▒.
..▒.▒▒▒.▒ .▒ ▒.. ▒.....▒
..▒.....▒
.▒▒▒▒..▒.......▒..▒▒....▒
.▒▒.▒.▒....⌠....▒.▒.▒...▒
..▒.▒▒..⌠.....⌠..▒▒.....▒
.....'...........+......▒
▒▒▒.▒▒..⌠...W.⌠.T▒▒.▒▒▒.▒
▒.▒W▒†...c....▒?▒.▒▒▒.▒
▒▒▒..▒....g..▒..▒▒....▒
▒..g▒.c...▒...▒.....▒ ▒▒
▒....▒▒▒▒▒....▒.▒▒▒.▒ .▒
▒▒...D.hO....▒▒...>.▒ .▒
▒▒....D....▒▒▒.....▒ .▒
▒▒▒}.£.!▒▒▒.▒.....▒ .▒
▒▒▒▒▒▒▒ ▒.▒.....▒


You could see a wraith, a gnoll sergeant and 2 centaurs.


Message History

* * * LOW HITPOINT WARNING * * *
The orc wizard casts a spell.
The orc wizard flickers and vanishes!
Deactivating autopickup; reactivate with Ctrl-A.
Found a scroll labelled HUPUUM RAUQO.
The howler monkey hoots and howls with incredible vigour!
You see here a +0 short sword.
The centaur shoots an arrow.
The arrow barely misses you.
The centaur shoots an arrow.
The arrow hits you!
* * * LOW HITPOINT WARNING * * *
The centaur shoots an arrow.
The arrow closely misses you.
The centaur shoots an arrow.
The arrow hits you!
* * * LOW HITPOINT WARNING * * *
The centaur shoots an arrow.
You block the arrow.
The centaur shoots an arrow.
The arrow hits you.
* * * LOW HITPOINT WARNING * * *
The centaur shoots an arrow.
The arrow hits you!
* * * LOW HITPOINT WARNING * * *
The centaur shoots an arrow.
You block the arrow.
The centaur shoots an arrow.
The arrow hits you!
You die...

Action                     |  1- 3 |  4- 6 |  7- 9 | 10-12 || total
---------------------------+-------+-------+-------+-------++-------
  Melee: Unarmed           |    99 |    50 |   301 |   103 ||   553
   Fire: Sling             |       |     9 |       |       ||     9
    Use: Scroll            |       |       |       |     7 ||     7
         Potion            |       |       |       |     1 ||     1
   Stab: Sleeping          |     1 |       |       |     1 ||     2
 Armour: Robe              |    18 |    13 |    68 |       ||    99
         Steam dragon scal |       |       |     3 |    40 ||    43
  Dodge: Dodged            |    29 |    13 |    96 |    46 ||   184
  Block: Kite shield       |    26 |    13 |    95 |    43 ||   177

Levels and vault maps discovered:
D:1:      kilobyte_arrival_exit_the_forest, layout_basic, minmay_bisected
D:2:      layout_loops_corners, grunt_decor_fettered
D:3:      layout_basic, mainiacjoe_overflow_catwalk,
          nicolae_ecumenical_lake_church, uniq_jessica
D:4:      layout_loops_cross, st_stairs_10, uniq_natasha
D:5:      minmay_opposing_rooms, layout_loops_ring,
          nicolae_tso_carved_into_rock, slow_altar_1, kennysheep_generic_room_7
D:6:      nicolae_cairo_tiling_large_dashed, layout_basic,
          hellmonk_guarded_unrand_lears
D:7:      layout_loops_ring, minmay_temple_entry_stoned_glass
D:8:      layout_cave_pools, lemuel_crystal_altar, serial_glass,
          glass_columns_b, glass_columns_a, uniq_maurice, uniq_erica, uniq_grum
D:9:      kennysheep_ambush_hall, layout_stronghold, serial_shops, shop,
          nicolae_stop_n_shop_2, nicolae_lakefront_shop,
          nicolae_shop_temple_entry_statues_fountains, nicolae_stop_n_shop_2,
          minmay_diamond_spiral
Temple:   nicolae_temple_bog_church

Notes
Turn   | Place    | Note
-------+----------+-------------------------------------------
     0 | D:1      | sanka the Troll Fighter began the quest for the Orb.
     0 | D:1      | Reached XP level 1. HP: 22/22 MP: 0/0
   112 | D:1      | Reached XP level 2. HP: 28/29 MP: 1/1
   125 | D:1      | Reached skill level 3 in Fighting
   508 | D:1      | Reached XP level 3. HP: 37/37 MP: 2/2
   535 | D:1      | Reached skill level 3 in Unarmed Combat
  1222 | D:2      | Reached XP level 4. HP: 40/45 MP: 3/3
  1357 | D:2      | Reached skill level 4 in Unarmed Combat
  1551 | D:5      | Entered Level 5 of the Dungeon
  1604 | D:5      | Identified the +5 sling of Duty {drain, rElec rF+++}
  1610 | D:5      | Found a glowing golden altar of the Shining One.
  1635 | D:5      | Noticed a scorpion
  1641 | D:5      | Killed a scorpion
  1786 | D:5      | Reached XP level 5. HP: 50/53 MP: 4/4
  1811 | D:5      | Reached skill level 5 in Unarmed Combat
  1879 | D:5      | Noticed a phantom
  1888 | D:5      | Reached skill level 6 in Unarmed Combat
  1890 | D:5      | Reached XP level 6. HP: 59/61 MP: 5/5
  1923 | D:5      | Reached skill level 7 in Unarmed Combat
  1936 | D:5      | Reached XP level 7. HP: 56/67 MP: 6/6
  2047 | D:5      | Found a snail-covered altar of Cheibriados.
  2198 | D:5      | Reached skill level 8 in Unarmed Combat
  2540 | D:4      | Noticed Natasha
  2550 | D:4      | Killed Natasha
  2810 | D:4      | Reached skill level 9 in Unarmed Combat
  2885 | D:4      | Reached XP level 8. HP: 75/75 MP: 7/7
  2906 | D:4      | Noticed Natasha
  2912 | D:4      | Killed Natasha
  3066 | D:4      | Noticed Natasha
  3070 | D:4      | Killed Natasha
  3263 | D:3      | Noticed Jessica
  3272 | D:3      | Killed Jessica
  3675 | D:3      | Found a shimmering blue altar of Sif Muna.
  3715 | D:3      | Found a faded altar of an unknown god.
  4090 | D:6      | Reached skill level 10 in Unarmed Combat
  4132 | D:6      | Noticed a hornet
  4137 | D:6      | Paralysed by a hornet for 1 turns
  4143 | D:6      | Killed a hornet
  4144 | D:6      | Reached skill level 4 in Fighting
  4144 | D:6      | HP: 7/78 [poisoned by a hornet]
  4149 | D:6      | HP: 4/78 [poisoned by a hornet]
  4427 | D:6      | Reached skill level 5 in Fighting
  4487 | D:6      | Noticed a troll
  4495 | D:6      | Killed a troll
  4541 | D:6      | Found the +18 Lear's hauberk
  4971 | D:7      | Reached XP level 9. HP: 72/88 MP: 8/8
  5011 | D:7      | Found a staircase to the Ecumenical Temple.
  5025 | Temple   | Entered the Ecumenical Temple
  5149 | Temple   | Became a worshipper of Warmaster Okawaru
  5209 | D:7      | Reached skill level 11 in Unarmed Combat
  5843 | D:8      | Paralysed by a hornet for 3 turns
  5930 | D:8      | Found a hide-covered altar of Uskayaw.
  5932 | D:8      | Noticed Maurice
  5934 | D:8      | Reached * piety under Okawaru
  5935 | D:8      | Reached skill level 12 in Unarmed Combat
  5949 | D:8      | Killed Maurice
  6023 | D:8      | Identified +0 steam dragon scales
  6106 | D:8      | Reached skill level 13 in Unarmed Combat
  6122 | D:8      | Reached XP level 10. HP: 42/96 MP: 9/9
  6195 | D:8      | Reached ** piety under Okawaru
  6256 | D:8      | Identified a +2 robe of the Archmagi
  6256 | D:8      | Noticed Erica
  6275 | D:8      | Killed Erica
  6275 | D:8      | HP: 8/96 [poisoned by Erica (bolt of poison)]
  6276 | D:8      | Reached skill level 2 in Invocations
  6426 | D:8      | Noticed Grum
  6443 | D:8      | Killed Grum
  6444 | D:8      | Reached skill level 3 in Invocations
  6451 | D:8      | Reached skill level 14 in Unarmed Combat
  6693 | D:9      | Found Sizavun's Assorted Antiques.
  6890 | D:9      | Found Bidek's Magic Scroll Boutique.
  6911 | D:9      | Reached skill level 4 in Invocations
  6974 | D:9      | Found Qerph's Book Boutique.
  7039 | D:9      | Found Curirrim's Magic Scroll Emporium.
  7181 | D:9      | Found Kolas's Weapon Shop.
  7220 | D:9      | Noticed a two-headed ogre
  7222 | D:9      | Reached *** piety under Okawaru
  7235 | D:9      | HP: 3/96 [centaur/arrow (12)]
  7236 | D:9      | Shot with an arrow by a centaur

Vanquished Creatures
  Erica (D:8)
  Maurice (D:8)
  A troll (D:6)
  2 hornets
  4 yaks (D:8)
  2 wyverns (D:9)
  Grum (D:8)
  A steam dragon (D:8)
  A water moccasin (D:8)
  2 orc warriors
  4 wolves (D:8)
  4 centaurs
  An ogre (D:4)
  A phantom (D:5)
  4 kobold brigands
  A bullfrog (D:9)
  2 gnoll sergeants
  4 scorpions
  3 necrophages
  8 wights
  A howler monkey (D:4)
  2 hounds
  4 jellies
  2 gnoll boudas
  5 orc priests
  6 iguanas
  Jessica (D:3)
  5 orc wizards
  Natasha (thrice) (D:4)
  5 adders
  13 gnolls
  2 white imps
  5 ufetubi
  3 worms
  A dart slug (D:4)
  21 orcs
  5 endoplasms
  6 giant cockroaches
  8 goblins
  7 hobgoblins
  2 jackals (D:4)
  24 kobolds
  6 quokkas
  11 ball pythons
  A frilled lizard (D:3)
  9 rats
206 creatures vanquished.
